[Event "Team 45 45 League T29"]
[Site "Internet Chess Club"]
[Date "2006.01.09"]
[Round "3"]
[White "rph"]
[Black "Bort"]
[Result "1/2-1/2"]
[WhiteElo "1831"]
[BlackElo "1956"]
[TimeControl "2700+45"]

1. d4 e6 2. c4 b6 3. Nf3 Bb7 4. g3 Bb4+ 5. Nc3 f5 6. Bg2 Nf6 7. O-O O-O 8. Qc2
d6 9. a3 Bxc3 10. Qxc3 Ne4 11. Qc2 Nd7 12. b4 a5 13. b5 Ndf6 14. Bb2 Qe7 15. Nd2
Nxd2 16. Qxd2 Bxg2 17. Kxg2 Ne4 18. Qd3 {Game drawn by mutual agreement} 1/2-1/2
 aics%

[Event "Team 45 45 League T29"]
[Site "Internet Chess Club"]
[Date "2006.01.09"]
[Round "3"]
[White "forketta"]
[Black "room-matt"]
[Result "1/2-1/2"]
[WhiteElo "1893"]
[BlackElo "1884"]
[TimeControl "2700+45"]

1. d4 Nf6 2. c4 e5 3. dxe5 Ng4 4. Bf4 Nc6 5. Nf3 Bb4+ 6. Nbd2 Qe7 7. e3 Ngxe5 8.
Nxe5 Nxe5 9. Be2 b6 10. O-O Bxd2 11. Qxd2 Bb7 12. b4 d6 13. Qc3 f5 14. c5 O-O
15. cxd6 cxd6 16. h3 g5 17. Bxe5 dxe5 18. Rac1 Rac8 19. Qb3+ Kh8 20. Bc4 g4 21.
hxg4 fxg4 22. Bd5 Rxc1 23. Rxc1 Qh4 24. g3 Bxd5 25. Qxd5 Qf6 26. Rc2 Qf5 27. e4
Qf6 28. Rd2 h5 29. b5 Kg7 30. Qd7+ Rf7 31. Qd5 Rf8 {Game drawn by mutual
agreement} 1/2-1/2  aics%

[Event "Team 45 45 League T29"]
[Site "Internet Chess Club"]
[Date "2006.01.09"]
[Round "3"]
[White "chessateer"]
[Black "burnsja2003"]
[Result "1-0"]
[WhiteElo "1811"]
[BlackElo "1700"]
[TimeControl "2700+45"]

1. e4 c5 2. Nc3 e6 3. f4 d6 4. Nf3 Nf6 5. Bb5+ Bd7 6. Qe2 Nc6 7. O-O Be7 8. d3
O-O 9. a4 Qc7 10. Qf2 e5 11. f5 Rad8 12. Bc4 Na5 13. Bd5 a6 14. h3 Nc6 15. g4
Nb4 16. Bb3 d5 17. exd5 Be8 18. Re1 Nfxd5 19. Nxd5 Nxd5 20. Rxe5 Nb6 21. Rxe7
Qxe7 22. Bg5 Qd6 23. Bxd8 Qxd8 24. Qxc5 Bc6 25. Ne5 Bd5 26. Bxd5 Nxd5 27. Re1
Qh4 28. Qxf8+ {Black resigns} 1-0  aics%

[Event "Team 45 45 League T29"]
[Site "Internet Chess Club"]
[Date "2006.01.05"]
[Round "3"]
[White "GolferBob"]
[Black "mike0897"]
[Result "0-1"]
[WhiteElo "1705"]
[BlackElo "1787"]
[TimeControl "2700+45"]

1. d4 Nf6 2. Bf4 g6 3. e3 Bg7 4. Nf3 d6 5. Be2 h6 6. Nbd2 Bf5 7. c3 Nbd7 8. h3
c5 9. O-O O-O 10. Nh4 Be6 11. Bh2 Qb6 12. Qc1 cxd4 13. exd4 Rac8 14. Nhf3 Rfe8
15. Bd3 Bd5 16. Re1 Bc6 17. Rb1 Qa5 18. Ra1 b5 19. a3 a6 20. Qd1 Qc7 21. Re2 e5
22. dxe5 Nxe5 23. Nxe5 dxe5 24. Be4 Nxe4 25. Nxe4 Rcd8 26. Qc2 Qe7 27. Rae1 f5
28. Nd2 Qh4 29. Bg3 Qg5 30. h4 Qg4 31. Nf3 f4 32. Nxe5 Rxe5 33. Rxe5 Bxe5 34.
Rxe5 Rd1+ 35. Kh2 Kf8 36. c4 Bxg2 37. Kxg2 f3+ 38. Kh2 Rh1+ 39. Kxh1 Qh3+ {White
resigns} 0-1  aics%

[Event "Team 45 45 League T29"]
[Site "Internet Chess Club"]
[Date "2006.01.10"]
[Round "3"]
[White "CogitoErgoSum"]
[Black "Div-anand"]
[Result "1-0"]
[WhiteElo "1940"]
[BlackElo "1921"]
[TimeControl "2700+45"]

1. e4 e5 2. Nf3 Nc6 3. Bb5 d6 4. h3 a6 5. Ba4 Be7 6. O-O Nf6 7. Re1 O-O 8. c3 b5
9. Bc2 Re8 10. d4 d5 11. dxe5 Nxe4 12. Qe2 Bc5 13. Bxe4 dxe4 14. Qxe4 Bb7 15.
Qg4 Qd5 16. Bh6 Bf8 17. Bf4 Rad8 18. Nbd2 Bc5 19. Nb3 Bf8 20. Nbd2 Re6 21. Ne4
Rg6 22. Qh5 Na5 23. Nfg5 h6 24. Rad1 Qxd1 25. Rxd1 Rxd1+ 26. Qxd1 hxg5 27. Nxg5
Nc4 28. Qh5 Bc5 29. e6 Rf6 30. exf7+ Kf8 31. Nh7+ Ke7 32. Qxc5+ {Black resigns}
1-0  aics%

[Event "Team 45 45 League T29"]
[Site "Internet Chess Club"]
[Date "2006.01.06"]
[Round "3"]
[White "rjml"]
[Black "Beats20Cents"]
[Result "1-0"]
[WhiteElo "1919"]
[BlackElo "1730"]
[TimeControl "2700+45"]

1. e4 e5 2. Nf3 Nc6 3. Bb5 a6 4. Ba4 Nf6 5. O-O Be7 6. Re1 b5 7. Bb3 O-O 8. h3
d6 9. c3 Bb7 10. d4 Re8 11. Nbd2 Bf8 12. Bc2 g6 13. d5 Nb8 14. b3 c6 15. c4 Bh6
16. b4 bxc4 17. dxc6 Nxc6 18. Nxc4 Nxb4 19. Bxh6 Nxc2 20. Qxc2 Rc8 21. Bg5 Qe7
22. Qb3 Rb8 23. Qd3 Red8 24. Rab1 d5 25. exd5 Rxd5 26. Qxd5 Bxd5 27. Rxb8+ Kg7
28. Rb6 {Black resigns} 1-0  aics%  Jeeves(* C)(71): duque es nuevo en ICC!  Por
favor, digale "Hola" :) aics%

[Event "Team 45 45 League T29"]
[Site "Internet Chess Club"]
[Date "2006.01.08"]
[Round "3"]
[White "twinders"]
[Black "Avedldesierto"]
[Result "0-1"]
[WhiteElo "1767"]
[BlackElo "1765"]
[TimeControl "2700+45"]

1. d4 Nf6 2. c4 e5 3. dxe5 Ng4 4. Nf3 Bc5 5. e3 Nc6 6. a3 Ngxe5 7. Nxe5 Nxe5 8.
Qd5 Qe7 9. b4 Bb6 10. c5 c6 11. Qd6 Qxd6 12. cxd6 a5 13. Bb2 f6 14. Nd2 axb4 15.
axb4 Rxa1+ 16. Bxa1 Nf7 17. Nc4 Ba7 18. Be2 b5 19. Na5 Nxd6 20. O-O O-O 21. Rd1
Bb8 22. Bg4 f5 23. Bf3 Bc7 24. Be5 Ne8 25. Bxc7 Nxc7 26. Nb3 Na6 27. Rd4 d5 28.
Na5 Bd7 29. Kf1 Nc7 30. Rd2 Na6 31. Rd4 Ra8 32. Rxd5 cxd5 33. Bxd5+ Kf8 34. Bxa8
Nxb4 35. Ke2 Ke7 36. Nb3 Bc6 37. Bxc6 Nxc6 38. Kd3 Kd6 39. Nd4 Nxd4 40. Kxd4 g5
41. f3 h5 42. e4 fxe4 43. fxe4 b4 44. e5+ Ke6 45. Kc4 Kxe5 46. Kxb4 Ke4 47. Kc4
Ke3 48. Kd5 Kf2 49. Ke5 Kxg2 50. Kf5 g4 51. h4 gxh3 {White resigns} 0-1  aics%

[Event "Team 45 45 League T29"]
[Site "Internet Chess Club"]
[Date "2006.01.07"]
[Round "3"]
[White "Mississippian"]
[Black "BIRDSMAN"]
[Result "1-0"]
[WhiteElo "1469"]
[BlackElo "1562"]
[TimeControl "2700+45"]

1. e4 c5 2. Nf3 e6 3. c3 Nf6 4. Bd3 d5 5. e5 Nfd7 6. Bb5 a6 7. Ba4 b5 8. Bc2 Qc7
9. d4 Nc6 10. Bf4 Be7 11. O-O O-O 12. Re1 Bb7 13. Nbd2 Qb6 14. Nf1 Rac8 15. Ng3
Rfd8 16. Qd3 Nf8 17. Rad1 cxd4 18. Nxd4 Bc5 19. Nge2 Qc7 20. Qg3 Ng6 21. Bxg6
hxg6 22. Nf3 Ne7 23. Ned4 Nf5 24. Nxf5 gxf5 25. Bh6 g6 26. Bg5 Be7 27. Bf6 Bxf6
28. exf6 Qxg3 29. hxg3 Rc4 30. Rd4 Rdc8 31. Red1 Rxd4 32. Rxd4 Rc4 33. Rh4 Rxh4
34. gxh4 Kh7 35. Ng5+ Kg8 36. Kh2 e5 37. Kg3 Bc8 38. f4 e4 39. Kf2 Be6 40. a3
Kf8 41. Ke3 Ke8 42. Kd4 Kd7 43. Kc5 e3 44. Kd4 e2 45. Nf3 Kd6 46. Ke3 Kc5 47.
Kxe2 a5 48. Kd3 Bd7 49. b4+ axb4 50. axb4+ Kd6 51. Kd4 Ke6 52. Ne5 Be8 53. g3
Kxf6 54. Kxd5 Ke7 55. Kc5 f6 56. Nc6+ Kd7 57. Nd4 {Black resigns} 1-0  aics%

[Event "Team 45 45 League T29"]
[Site "Internet Chess Club"]
[Date "2006.01.08"]
[Round "3"]
[White "Phosphorus"]
[Black "WesleyCrusher"]
[Result "1-0"]
[WhiteElo "2229"]
[BlackElo "2099"]
[TimeControl "2700+45"]

1. e4 c5 2. Nf3 d6 3. d4 cxd4 4. Nxd4 Nf6 5. Nc3 a6 6. Bg5 e6 7. f4 Be7 8. Qf3
Qc7 9. O-O-O Nbd7 10. Bd3 b5 11. Rhe1 Bb7 12. Nd5 Nxd5 13. exd5 Bxd5 14. Nxe6
fxe6 15. Qh5+ Kf8 16. Bxe7+ Kxe7 17. Qxd5 Ne5 18. Qe4 Nxd3+ 19. Rxd3 Qc4 20.
Qb7+ Kf6 21. b3 Qc5 22. f5 e5 23. Qd7 Ra7 24. Qe6+ Kg5 25. Rg3+ Kh5 26. f6 g5
27. Qg4+ Kg6 28. Qxg5+ Kf7 29. Qg7+ Ke6 30. Qxh8 Rc7 31. Qg8+ Kf5 32. Rf3#
{Black checkmated} 1-0  aics%

[Event "Team 45 45 League T29"]
[Site "Internet Chess Club"]
[Date "2006.01.08"]
[Round "3"]
[White "trevor21"]
[Black "baumhauer"]
[Result "0-1"]
[WhiteElo "2095"]
[BlackElo "1878"]
[TimeControl "2700+45"]

1. d4 Nf6 2. c4 e6 3. Nc3 Bb4 4. a3 Bxc3+ 5. bxc3 b6 6. f3 d6 7. e4 O-O 8. Bd3
c5 9. Ne2 Nc6 10. Bg5 h6 11. Be3 Qc7 12. Ng3 Na5 13. d5 Ba6 14. Qe2 Rae8 15. O-O
Qd7 16. a4 Qe7 17. Rfe1 Nd7 18. f4 Qf6 19. Rac1 Qh4 20. Nh1 Qe7 21. Ng3 Qh4 22.
Nh1 Qe7 23. Nf2 f5 24. Bd2 exd5 25. cxd5 Bxd3 26. Qxd3 c4 27. Qf3 Nb3 28. Rcd1
Qf6 29. g3 Ndc5 30. e5 dxe5 31. fxe5 Rxe5 32. Rxe5 Qxe5 33. Bf4 Qe8 34. d6 Qe6
35. Qc6 g5 36. Bc1 Kg7 37. Ba3 Rf7 38. Bxc5 Nxc5 39. a5 f4 40. axb6 axb6 41.
Qxb6 fxg3 42. hxg3 Qe3 43. Rf1 Qxg3+ 44. Kh1 Rf4 {White resigns} 0-1  aics%

[Event "Team 45 45 League T29"]
[Site "Internet Chess Club"]
[Date "2006.01.07"]
[Round "3"]
[White "Solomons"]
[Black "Quoyle"]
[Result "1-0"]
[WhiteElo "2472"]
[BlackElo "2426"]
[TimeControl "2700+45"]

1. e4 c6 2. Nf3 d5 3. Nc3 Bg4 4. h3 Bxf3 5. Qxf3 Nf6 6. d3 e6 7. Bd2 Bb4 8. e5
Nfd7 9. Qg4 Bf8 10. f4 a6 11. h4 h5 12. Qh3 g6 13. Be2 Be7 14. O-O-O c5 15. Bf3
Nf8 16. Be1 Nc6 17. Ne2 Qc7 18. c4 Rd8 19. cxd5 exd5 20. g4 Ne6 21. gxh5 gxh5
22. Kb1 Ncd4 23. Nxd4 Nxd4 24. Bf2 Qb6 25. f5 Nb5 26. Rc1 Nc7 27. Rhg1 Qb5 28.
Ka1 Qxd3 29. Bxc5 Bxc5 30. Rxc5 Nb5 31. e6 Nd4 32. exf7+ Ke7 33. Rc7+ Rd7 34.
f6+ Kxf6 35. Qxd7 {Black resigns} 1-0  aics%

[Event "Team 45 45 League T29"]
[Site "Internet Chess Club"]
[Date "2006.01.09"]
[Round "3"]
[White "phoenix10q72"]
[Black "akdog3"]
[Result "1/2-1/2"]
[WhiteElo "2299"]
[BlackElo "2207"]
[TimeControl "2700+45"]

1. e4 d5 2. exd5 Qxd5 3. Nc3 Qa5 4. d4 Nf6 5. Nf3 c6 6. Bc4 Bf5 7. Bd2 e6 8. Nd5
Qd8 9. Nxf6+ gxf6 10. Bb3 Nd7 11. Qe2 Qc7 12. O-O-O O-O-O 13. Nh4 Bg6 14. g3 Bd6
15. f4 f5 16. c4 Nf6 17. c5 Be7 18. Nxg6 hxg6 19. Bc3 Rh3 20. Rde1 Ne4 21. Bc2
Nxc3 22. bxc3 Qa5 23. Kb2 Rdh8 24. Bb3 Kb8 25. Qe5+ Ka8 26. Re2 Bd8 27. Rc2 Qc7
28. Qe3 Bf6 29. Bc4 Qe7 30. Bf1 R3h7 31. h4 Rd8 32. Rch2 Kb8 33. h5 Rdh8 34. Be2
Qf8 35. Bf3 Qg7 36. Qf2 Rh6 {Game drawn by mutual agreement} 1/2-1/2  aics%

[Event "Team 45 45 League T29"]
[Site "Internet Chess Club"]
[Date "2006.01.07"]
[Round "3"]
[White "syy89"]
[Black "jorobo"]
[Result "1/2-1/2"]
[WhiteElo "2110"]
[BlackElo "2132"]
[TimeControl "2700+45"]

1. e4 e6 2. d4 d5 3. Nc3 Bb4 4. e5 c5 5. a3 Ba5 6. b4 cxb4 7. Nb5 Nc6 8. Nf3 f6
9. Bd2 bxa3 10. Bd3 Bc7 11. Qe2 a6 12. Nxc7+ Qxc7 13. Rxa3 Bd7 14. O-O fxe5 15.
Nxe5 Nxe5 16. dxe5 Ne7 17. Rc3 Qb6 18. Rb3 Qc7 19. Bb4 Ba4 20. Bd6 Qd7 21. Rb4
Bc6 22. Rf4 Nf5 23. Bc5 g6 24. Bxf5 gxf5 25. Rh4 O-O-O 26. Bd6 Rdg8 27. f3 Rg6
28. Qe3 Rhg8 29. Rf2 Kd8 30. Qa7 Ke8 31. Rxh7 Rxg2+ 32. Rxg2 Rxg2+ 33. Kxg2 Qxh7
34. Qb8+ Kf7 35. Qf8+ Kg6 36. Qf6+ Kh5 37. Kh3 Qh6 38. Qh4+ Kg6 39. Qxh6+ Kxh6
40. Kg3 d4 41. Bc5 Ba4 42. Bxd4 Bxc2 43. Bb6 Kg5 44. f4+ Kh5 45. Ba5 Bd1 46. Bb6
Kg6 47. Kf2 Kf7 48. Ke3 Ke7 49. Kd4 Kd7 50. Kc5 Bf3 51. Ba5 Bd5 52. Bb6 Ke8 53.
Kd4 Kf7 54. Ke3 Kf8 55. Kd4 Ke8 56. Ba5 Kf7 57. Ke3 b5 58. Bb4 Kg6 59. Kf2 Kh5
60. Kg3 Bb3 61. Ba5 Bd1 62. Bb4 Kg6 63. Kf2 Kf7 64. Ke3 Ke8 65. Kd4 Kd7 66. Kc5
Ke7 67. Kd4+ Kf7 68. Ke3 Kg6 69. Kf2 {Game drawn by mutual agreement} 1/2-1/2 
aics%

[Event "Team 45 45 League T29"]
[Site "Internet Chess Club"]
[Date "2006.01.06"]
[Round "3"]
[White "tgralex"]
[Black "DTK"]
[Result "0-1"]
[WhiteElo "1781"]
[BlackElo "2141"]
[TimeControl "2700+45"]

1. e4 e6 2. d4 d5 3. e5 c5 4. Nf3 cxd4 5. Nxd4 Nc6 6. Bb5 Bd7 7. Nxc6 bxc6 8.
Bd3 Qb6 9. O-O Bc5 10. Nc3 Bd4 11. Qe1 Qb8 12. Na4 Bxe5 13. Nc5 Bxh2+ 14. Kh1
Bd6 15. Nxd7 Kxd7 16. Rb1 Qb4 17. Qxb4 Bxb4 18. Be3 Nf6 19. a3 Bd6 20. Rbd1 Rhb8
21. b4 a5 22. c3 axb4 23. axb4 Ng4 24. Bd2 Ra2 25. g3 h5 26. Kg2 Ne5 27. Be2 g6
28. Rfe1 Ke7 29. Bg5+ f6 30. Be3 Nd7 31. Ra1 Rba8 32. Rxa2 Rxa2 33. Bd3 Kf7 34.
Rd1 Ne5 35. Bf1 Ng4 36. Bb6 Bb8 37. c4 Bc7 38. Bxc7 Ne3+ {White resigns} 0-1 
aics%

[Event "Team 45 45 League T29"]
[Site "Internet Chess Club"]
[Date "2006.01.08"]
[Round "3"]
[White "jonesey"]
[Black "SkinnyPuppy"]
[Result "0-1"]
[WhiteElo "1961"]
[BlackElo "2189"]
[TimeControl "2700+45"]

1. e4 d5 2. exd5 Nf6 3. c4 e6 4. dxe6 Bxe6 5. Nf3 Qe7 6. Qe2 Nc6 7. b3 O-O-O 8.
Ba3 Qd7 9. Bxf8 Rhxf8 10. Kd1 Rfe8 11. d3 Bg4 12. Qb2 Ne5 13. Nd2 Nxd3 14. Bxd3
Qxd3 {White resigns} 0-1  aics%

[Event "Team 45 45 League T29"]
[Site "Internet Chess Club"]
[Date "2006.01.07"]
[Round "3"]
[White "ikalel"]
[Black "Gregorio"]
[Result "0-1"]
[WhiteElo "1933"]
[BlackElo "2026"]
[TimeControl "2700+45"]

1. e4 e5 2. Nc3 Bc5 3. f4 d6 4. Nf3 Nc6 5. Bc4 Bg4 6. Bxf7+ Kxf7 7. Ng5+ Qxg5 8.
fxg5 Bxd1 9. Kxd1 Nge7 10. d3 a6 11. Bd2 Raf8 12. Be1 Ke6 13. Ke2 Nd4+ 14. Kd2
h6 15. gxh6 Rxh6 16. Ne2 Nxe2 17. Kxe2 d5 18. exd5+ Nxd5 19. Bg3 Nf4+ 20. Bxf4
Rxf4 21. Raf1 Rxf1 22. Kxf1 Rf6+ {White resigns} 0-1  aics%

[Event "Team 45 45 League T29"]
[Site "Internet Chess Club"]
[Date "2006.01.08"]
[Round "3"]
[White "az2112"]
[Black "cayo89"]
[Result "1/2-1/2"]
[WhiteElo "1586"]
[BlackElo "1700"]
[TimeControl "2700+45"]

1. c4 c6 2. Nf3 d5 3. d4 Nf6 4. Nc3 dxc4 5. a4 Bf5 6. e3 e6 7. Bxc4 Bb4 8. O-O
O-O 9. h3 Nbd7 10. Na2 Bd6 11. b3 Nb6 12. Nc3 Nxc4 13. bxc4 h6 14. Ba3 Re8 15.
Bxd6 Qxd6 16. Ne2 Ne4 17. Ne5 Rab8 18. c5 Nxc5 19. Nxf7 Kxf7 20. dxc5 Qxc5 21.
Rc1 Qd5 22. Nd4 Bh7 23. Qg4 Bf5 24. Qf4 Kg8 25. Rfd1 Qa5 26. e4 Bg6 27. Nxe6 Bf7
28. Nc5 b6 29. Rd7 Ba2 30. Qg4 Bf7 31. Qf5 Rf8 32. Ne6 Qxf5 33. exf5 Bxe6 34.
fxe6 Rfe8 35. Re1 b5 36. axb5 cxb5 37. Rxa7 b4 38. e7 b3 39. Rb1 b2 40. Rd7 Kf7
41. Rd8 Kxe7 42. Rxe8+ Kxe8 43. Kf1 Kf7 44. Ke2 Ke6 45. Kd2 g5 46. Kc2 Ke5 47.
Kd3 h5 48. Ke3 Kf5 49. Kf3 Rb3+ 50. Ke2 g4 51. hxg4+ hxg4 52. f3 gxf3+ 53. gxf3
Kf4 54. Kd2 Kxf3 55. Kc2 Rb8 56. Rxb2 Rxb2+ 57. Kxb2 {Game drawn because neither
player has mating material} 1/2-1/2  aics%

[Event "Team 45 45 League T29"]
[Site "Internet Chess Club"]
[Date "2006.01.07"]
[Round "3"]
[White "crankn8tr"]
[Black "qs16"]
[Result "1/2-1/2"]
[WhiteElo "1540"]
[BlackElo "1653"]
[TimeControl "2700+45"]

1. e4 c5 2. Nf3 d6 3. d4 cxd4 4. Nxd4 Nf6 5. Nc3 a6 6. Be3 e5 7. Nb3 Be6 8. f3
Nbd7 9. a4 Rc8 10. a5 Be7 11. Be2 O-O 12. O-O Nc5 13. Nxc5 dxc5 14. Qxd8 Rfxd8
15. Na4 h6 16. Nb6 Rc6 17. Rad1 Nd7 18. Nc4 f6 19. Rd2 b5 20. axb6 Nxb6 21.
Rxd8+ Bxd8 22. Na5 Rc7 23. Rd1 Be7 24. Bxa6 Kh7 25. Be2 Na4 26. Rb1 c4 27. Kf2
Bb4 28. b3 Nc3 29. Ra1 cxb3 30. cxb3 Bxa5 31. Rxa5 Nxe2 32. Kxe2 Bxb3 33. Rc5
Bc4+ 34. Kf2 Rxc5 35. Bxc5 {Game drawn by mutual agreement} 1/2-1/2  aics%

[Event "Team 45 45 League T29"]
[Site "Internet Chess Club"]
[Date "2006.01.07"]
[Round "3"]
[White "hansolo1000"]
[Black "JesterFox"]
[Result "1-0"]
[WhiteElo "1610"]
[BlackElo "1529"]
[TimeControl "2700+45"]

1. d4 Nf6 2. c4 e6 3. Nc3 Bb4 4. Qc2 d5 5. e3 O-O 6. a3 Be7 7. Bd3 Nc6 8. Nf3 a6
9. O-O dxc4 10. Bxc4 b5 11. Bd3 b4 12. Ne4 g6 13. Nxf6+ Bxf6 14. Qxc6 Ra7 15.
Qc5 Ra8 16. Qxb4 Be7 17. Qc3 Bb7 18. Ne5 Bd6 19. f3 Rc8 20. b4 f6 21. Ng4 Qd7
22. e4 Rcd8 23. Bh6 Rf7 24. Be3 Kg7 25. Rad1 g5 26. e5 Be7 27. exf6+ Bxf6 28.
Nxf6 Kxf6 29. Qc5 {Black resigns} 1-0  aics%

[Event "Team 45 45 League T29"]
[Site "Internet Chess Club"]
[Date "2006.01.06"]
[Round "3"]
[White "SeniorCitizen"]
[Black "Cantemir"]
[Result "0-1"]
[WhiteElo "1361"]
[BlackElo "1664"]
[TimeControl "2700+45"]

1. e4 e5 2. Nf3 d6 3. d3 Bg4 4. Be2 Bxf3 5. Bxf3 Be7 6. O-O Nf6 7. Nc3 c6 8. b3
Nbd7 9. Be3 Nc5 10. Bxc5 dxc5 11. Kh1 Qc7 12. Qc1 O-O-O 13. Be2 h5 14. Qe3 Ng4
15. Bxg4+ hxg4 16. Ne2 Rh6 17. Ng1 Rdh8 18. h3 gxh3 19. Nxh3 g5 20. Qg3 Qd7 21.
f3 Rxh3+ 22. gxh3 Rxh3+ 23. Qxh3 Qxh3+ 24. Kg1 Qg3+ 25. Kh1 Qh3+ 26. Kg1 g4 27.
fxg4 Qxg4+ 28. Kh1 Bg5 29. Rxf7 {White resigns} 0-1  aics%

[Event "Team 45 45 League T29"]
[Site "Internet Chess Club"]
[Date "2006.01.09"]
[Round "3"]
[White "bmw2002"]
[Black "C-Jones"]
[Result "1-0"]
[WhiteElo "1576"]
[BlackElo "1605"]
[TimeControl "2700+45"]

1. c4 e5 2. Nc3 Nf6 3. g3 Be7 4. Bg2 O-O 5. Nf3 d6 6. O-O Nbd7 7. d4 exd4 8.
Nxd4 Ne5 9. b3 Rb8 10. Bf4 Nfd7 11. Qd2 Ng6 12. Be3 Nde5 13. h3 Re8 14. Nd5 Be6
15. Nxe6 fxe6 16. Nxe7+ Nxe7 17. Bxa7 Ra8 18. Bd4 N5c6 19. Bc3 e5 20. Qg5 Ng6
21. Qxd8 Nxd8 22. Rfd1 Rb8 23. a4 b6 24. b4 Ne6 25. Bd5 Kf8 26. Rdb1 c5 27. b5
Nc7 28. Be4 Rbd8 29. Rd1 Kg8 30. a5 bxa5 31. Bxa5 Re7 32. Bxc7 Rxc7 33. b6 Rcd7
34. b7 {Black resigns} 1-0  aics%

[Event "Team 45 45 League T29"]
[Site "Internet Chess Club"]
[Date "2006.01.08"]
[Round "3"]
[White "Fegary"]
[Black "Katie"]
[Result "1-0"]
[WhiteElo "1630"]
[BlackElo "1468"]
[TimeControl "2700+45"]

1. e4 e6 2. d4 d5 3. e5 c5 4. c3 Nc6 5. Bb5 Ne7 6. a3 Bd7 7. f4 Nf5 8. Nf3 Be7
9. O-O O-O 10. Kh1 a6 11. Ba4 b5 12. Bc2 Nh4 13. Ng5 Ng6 14. Qh5 Bxg5 15. fxg5
cxd4 16. Bd3 Ncxe5 17. Bxg6 fxg6 18. Rxf8+ Qxf8 19. Qe2 dxc3 20. Nxc3 Nc4 21. b3
Nd6 22. Be3 Re8 23. Rf1 Qe7 24. Bc5 Bc6 25. Kg1 Qd7 26. Qf2 Qd8 27. a4 e5 28.
axb5 axb5 29. Qf3 e4 30. Qf4 Nb7 31. Qf7+ Kh8 32. Bd4 Rg8 33. h4 Nd6 34. Qf4 Nf5
35. Bc5 d4 36. Nxe4 Bxe4 37. Qxe4 Re8 38. Qd3 Re3 39. Qxb5 Rg3 40. Rf4 d3 41.
Re4 h6 42. Re8+ Qxe8 43. Qxe8+ Kh7 44. gxh6 Nxh6 45. Qe1 Nf5 46. Kf2 Rg4 47. Qd2
Rg3 48. Bd6 Nxd6 49. Qf4 Nf5 50. h5 Re3 51. hxg6+ Kxg6 52. g4 Re2+ 53. Kf3 Ne3
54. Qd6+ Kf7 55. Qxd3 Re1 56. Qxe3 Rxe3+ 57. Kxe3 Ke7 58. Kf4 Kd7 59. Kg5 Ke7
60. Kg6 Kf8 61. b4 Kg8 62. b5 Kf8 63. b6 Ke8 64. b7 Kd7 65. b8=Q Kc6 66. Kf5 g6+
67. Ke6 g5 68. Qc8+ Kb6 69. Kd6 Ka7 70. Qc5+ Kb7 71. Qc6+ Kb8 72. Qd7 Ka8 73.
Kc6 Kb8 74. Qb7# {Black checkmated} 1-0  aics%

[Event "Team 45 45 League T29"]
[Site "Internet Chess Club"]
[Date "2006.01.10"]
[Round "3"]
[White "AlPearson"]
[Black "PostMike"]
[Result "0-1"]
[WhiteElo "1503"]
[BlackElo "1516"]
[TimeControl "2700+45"]

1. e4 c5 2. d4 cxd4 3. c3 dxc3 4. Nxc3 Nc6 5. Nf3 e6 6. Bc4 Nf6 7. O-O Nxe4 8.
Nxe4 d5 9. Bg5 f6 10. Bxf6 gxf6 11. Nxf6+ Qxf6 12. Bxd5 exd5 13. Qxd5 Bd7 14. a3
O-O-O 15. b4 Bg4 16. Qc4 Bxf3 17. g3 Kb8 18. b5 Bd5 19. Qg4 Qf3 20. Qxf3 Bxf3
21. bxc6 bxc6 22. Rab1+ Kc7 23. Rb3 Rd1 24. Rxf3 Rxf1+ 25. Kxf1 Be7 26. Rf7 Kd6
27. a4 a6 28. Ke2 Ke6 29. Rg7 Bf6 30. Ra7 Re8 31. Rxa6 Kd5+ 32. Kd2 Bd4 33. f3
Re7 34. f4 Bg1 35. Rb6 Bxb6 36. h3 Re3 37. a5 Rxg3 38. axb6 Rb3 39. f5 Rxb6 40.
Kd3 c5 41. h4 Rf6 42. Kc3 Rxf5 43. Kd3 Rf4 44. Kc3 {White resigns} 0-1  aics%

[Event "Team 45 45 League T29"]
[Site "Internet Chess Club"]
[Date "2006.01.08"]
[Round "3"]
[White "kevinfons"]
[Black "Zyme"]
[Result "0-1"]
[WhiteElo "1420"]
[BlackElo "1530"]
[TimeControl "2700+45"]

1. c4 Nf6 2. Nc3 g6 3. d3 Bg7 4. e4 d6 5. Nf3 c5 6. Be2 Nc6 7. O-O O-O 8. Nd5
Nxd5 9. exd5 Nd4 10. Nxd4 Bxd4 11. Rb1 a6 12. Be3 Bg7 13. Bf3 b5 14. b3 Bd7 15.
d4 Rc8 16. Qd2 Qb6 17. dxc5 dxc5 18. a4 b4 19. Rbd1 Rfd8 20. d6 Bf5 21. Bf4 exd6
22. Bxd6 Bf8 {White resigns} 0-1  aics%

[Event "Team 45 45 League T29"]
[Site "Internet Chess Club"]
[Date "2006.01.08"]
[Round "3"]
[White "klendathu"]
[Black "ElmerHo"]
[Result "1-0"]
[WhiteElo "1618"]
[BlackElo "1654"]
[TimeControl "2700+45"]

1. d4 d5 2. c4 c6 3. cxd5 cxd5 4. Nc3 Nf6 5. Nf3 Nc6 6. a3 Bf5 7. Bg5 e6 8. Bxf6
Qxf6 9. e3 a6 10. Be2 Bd6 11. O-O O-O 12. h3 Rac8 13. Bd3 Rfd8 14. Bxf5 Qxf5 15.
Rc1 Ne7 16. Qd2 f6 17. Rc2 e5 18. dxe5 fxe5 19. Rfc1 e4 20. Nd4 Qe5 21. g3 Bb8
22. Qe2 Nf5 23. Nxf5 Qxf5 24. h4 Rc6 25. Rd2 Rcd6 26. Rcd1 Qf7 27. Kg2 R6d7 28.
Qg4 Be5 29. Nxe4 dxe4 30. Rxd7 {Black resigns} 1-0  aics%

[Event "Team 45 45 League T29"]
[Site "Internet Chess Club"]
[Date "2006.01.08"]
[Round "3"]
[White "GolferBob"]
[Black "MPknight"]
[Result "1-0"]
[WhiteElo "1737"]
[BlackElo "1632"]
[TimeControl "2700+45"]

1. d4 d5 2. Bf4 Nf6 3. e3 e6 4. Nf3 Bd6 5. Bd3 O-O 6. Nbd2 b6 7. Ne5 Qe8 8. c3
Ba6 9. Bxa6 Nxa6 10. Qe2 b5 11. a4 Nb8 12. axb5 Bxe5 13. Bxe5 Qd8 14. Nf3 Nbd7
15. O-O Ne4 16. Bf4 f6 17. h3 Nb6 18. Nd2 Nxd2 19. Qxd2 Nc4 20. Qe2 Qd7 21. b3
Nd6 22. Bxd6 Qxd6 23. Ra6 Qd8 24. Rxe6 Re8 25. Rxe8+ Qxe8 26. Ra1 f5 27. c4 dxc4
28. bxc4 Qe7 29. Qf3 Qf8 30. Ra6 g6 31. Qc6 {Black resigns} 1-0  aics%

[Event "Team 45 45 League T29"]
[Site "Internet Chess Club"]
[Date "2006.01.05"]
[Round "3"]
[White "charles-allen"]
[Black "Bowlomeat"]
[Result "0-1"]
[WhiteElo "1520"]
[BlackElo "1587"]
[TimeControl "2700+45"]

1. e4 e6 2. d4 d5 3. Be3 Nf6 4. Nd2 b6 5. Nb3 Nxe4 6. Bd3 Bb4+ 7. Nd2 Nxd2 8.
Bxd2 Bxd2+ 9. Qxd2 Ba6 10. Nf3 Bxd3 11. Qxd3 O-O 12. h4 Nd7 13. g4 c5 14. Ng5
Nf6 15. O-O-O h6 16. Nxe6 fxe6 17. g5 Ne4 18. gxh6 Nxf2 19. Qg3 Rf7 20. Rhf1 Qf6
21. Kb1 Raf8 22. Rde1 Qxh6 23. dxc5 Ne4 {White resigns} 0-1  aics%

[Event "Team 45 45 League T29"]
[Site "Internet Chess Club"]
[Date "2006.01.05"]
[Round "3"]
[White "one-over"]
[Black "john-beebs"]
[Result "0-1"]
[WhiteElo "1462"]
[BlackElo "1564"]
[TimeControl "2700+45"]

1. e4 e5 2. Nf3 Nc6 3. Nc3 Nf6 4. d4 exd4 5. Nd5 Bc5 6. Bg5 Bb4+ 7. Nxb4 Nxb4 8.
Nxd4 d6 9. Be2 O-O 10. O-O h6 11. Bd2 a5 12. c3 Nc6 13. Nxc6 bxc6 14. Bf3 Rb8
15. Rb1 c5 16. Qa4 Bd7 17. Qxa5 Ra8 {White resigns} 0-1  aics%

[Event "Team 45 45 League T29"]
[Site "Internet Chess Club"]
[Date "2006.01.06"]
[Round "3"]
[White "Chessnut"]
[Black "room-matt"]
[Result "0-1"]
[WhiteElo "1641"]
[BlackElo "1883"]
[TimeControl "2700+45"]

1. e4 e5 2. Nf3 Nc6 3. Bb5 a6 4. Ba4 b5 5. Bb3 Na5 6. O-O d6 7. d4 Nxb3 8. axb3
exd4 9. Qxd4 Bb7 10. Bg5 f6 11. Bd2 g6 12. Nc3 Bg7 13. Qe3 Ne7 14. Qd3 O-O 15.
Rfe1 Re8 16. Nd5 Nc6 17. Bc3 Ne5 18. Nxe5 fxe5 19. Rad1 Rf8 20. Ba5 Rc8 21. Qc3
Rf7 22. Qe3 Qd7 23. Qa7 Bxd5 24. exd5 c6 25. Qxa6 cxd5 26. c3 d4 27. Bb4 d5 28.
cxd4 exd4 29. Rd2 Rf6 30. Qa1 Rfc6 31. Qb1 Be5 32. g3 Qc7 33. Rdd1 Rc2 34. Bd2
d3 35. Rc1 h5 36. Kg2 h4 37. Qa1 hxg3 38. hxg3 Qd6 39. Rxc2 dxc2 40. Rc1 d4 41.
Qa5 Qd5+ 42. Kg1 d3 43. Qa2 Qe4 44. Be3 Bxg3 45. b4+ Kg7 46. Qa7+ Bc7 47. Bd4+
Kh7 48. Bc3 Qg4+ 49. Kf1 Qh3+ 50. Ke1 Re8+ 51. Kd2 Re2# {White checkmated} 0-1 
aics%